[ PARTIDA AOE2 · #471299975 ]
UnrankedEspañoles vs Burgundians
[ ANÁLISIS DE REPETICIÓN · EXTRAÍDO DE LA PARTIDA GRABADA ]
Feudal
15:32
Castillos
19:11
Imperial
38:50
| APM promedio | 37.8 |
| APM pico | 93 |
| eAPM promedio | 22.5 |
| Aldeanos / militares | 327 / 140 |
Foco
⚔️ 32.1% · 🌾 67.9%
Knight ×100 · Conquistador ×33 · Fishing Ship ×22 · Trebuchet (Packed) ×5 · Fire Galley ×2
Feudal
14:33
Castillos
18:54
Imperial
42:51
| APM promedio | 40.8 |
| APM pico | 64 |
| eAPM promedio | 22.2 |
| Aldeanos / militares | 158 / 175 |
Foco
⚔️ 29.2% · 🌾 70.8%
Knight ×68 · Coustillier ×65 · Spearman ×36 · Fishing Ship ×14 · Battering Ram ×3 · Mangonel ×2
Feudal
14:00
Castillos
18:58
Imperial
33:21
| APM promedio | 23.1 |
| APM pico | 62 |
| eAPM promedio | 15.3 |
| Aldeanos / militares | 119 / 347 |
Foco
⚔️ 33.5% · 🌾 66.5%
Leitis ×337 · Fishing Ship ×14 · Trebuchet (Packed) ×7 · Monk ×3
Feudal
13:29
Castillos
17:53
Imperial
34:22
| APM promedio | 32.6 |
| APM pico | 70 |
| eAPM promedio | 15.9 |
| Aldeanos / militares | 116 / 122 |
Foco
⚔️ 29.5% · 🌾 70.5%
Fire Lancer ×62 · Skirmisher ×31 · Rattan Archer ×27 · Fishing Ship ×6 · Mangonel ×1 · Battering Ram ×1
Feudal
13:18
Castillos
19:44
Imperial
—
| APM promedio | 26.6 |
| APM pico | 56 |
| eAPM promedio | 18.0 |
| Aldeanos / militares | 127 / 14 |
Foco
⚔️ 21.4% · 🌾 78.6%
Fishing Ship ×17 · Demolition Raft ×12 · Monk ×1 · Mangonel ×1
Feudal
13:16
Castillos
20:31
Imperial
31:56
| APM promedio | 46.9 |
| APM pico | 92 |
| eAPM promedio | 21.3 |
| Aldeanos / militares | 123 / 231 |
Foco
⚔️ 42.0% · 🌾 58.0%
Skirmisher ×95 · Archer ×60 · Spearman ×60 · Fishing Ship ×19 · Elephant Archer ×7 · Mangonel ×5
Feudal
14:42
Castillos
22:22
Imperial
44:44
| APM promedio | 24.4 |
| APM pico | 63 |
| eAPM promedio | 11.1 |
| Aldeanos / militares | 94 / 48 |
Foco
⚔️ 19.5% · 🌾 80.5%
Gbeto ×47 · Monk ×1
Feudal
15:38
Castillos
19:59
Imperial
38:50
| APM promedio | 29.7 |
| APM pico | 62 |
| eAPM promedio | 16.5 |
| Aldeanos / militares | 124 / 135 |
Foco
⚔️ 33.7% · 🌾 66.3%
Berserk ×121 · Longboat ×12 · Fishing Ship ×11 · Monk ×1 · Galley ×1
Mapa de la partida
Recursos iniciales + cada clic de construcción. Líneas = muros · curvas = relieve. ◆ oro · ⬟ piedra · ● bayas · ✦ reliquia · ◌ hueco del cierre
Tu base· Abierta — hueco de 10t
Base de 沉着冷静努力C· ✓ Cerrada en 18:54 · 25t muro · sin puerta
Base de [Fx、]AirWy· Abierta — hueco de 11t
Base de Van der Leyens Pony· ✓ Cerrada en 17:53 · 12t muro · 2 puerta(s)
Base de [Fx、]AirDk· Abierta — hueco de 8t
Base de Lord Pilleman· Abierta — flanco sin cerrar
Base de Awugo555· Abierta — hueco de 3t
Base de 浓淡相间· Abierta — flanco sin cerrar
Terreno inicial suavizado · ◌ = hueco del cierre detectado · pasá el cursor para detalles
Inputs por minuto
— _CZ_浪显 - - 沉着冷静努力C
Build order — _CZ_浪显
Primeras 150 de 691 acciones detectadas
| 1:07 | Construir | Town Center |
| 1:28 | Construir | House |
| 1:30 | Construir | Dock |
| 3:14 | Crear | Villager (Male) |
| 3:14 | Crear | Villager (Male) |
| 3:14 | Crear | Villager (Male) |
| 3:14 | Crear | Villager (Male) |
| 3:14 | Crear | Villager (Male) |
| 3:14 | Crear | Villager (Male) |
| 3:14 | Crear | Villager (Male) |
| 3:14 | Crear | Villager (Male) |
| 4:28 | Crear | Fishing Ship |
| 4:29 | Crear | Fishing Ship |
| 4:35 | Crear | Villager (Male) |
| 4:35 | Crear | Villager (Male) |
| 4:35 | Crear | Villager (Male) |
| 4:35 | Crear | Villager (Male) |
| 4:35 | Crear | Villager (Male) |
| 5:20 | Crear | Villager (Male) |
| 5:20 | Crear | Villager (Male) |
| 5:20 | Crear | Villager (Male) |
| 5:20 | Crear | Villager (Male) |
| 5:20 | Crear | Villager (Male) |
| 5:21 | Crear | Villager (Male) |
| 5:26 | Construir | House |
| 5:40 | Crear | Fishing Ship |
| 5:40 | Crear | Fishing Ship |
| 5:40 | Crear | Fishing Ship |
| 5:41 | Crear | Fishing Ship |
| 5:45 | Investigar | Loom |
| 5:46 | Investigar | Loom |
| 5:46 | Investigar | Loom |
| 6:08 | Crear | Villager (Male) |
| 6:08 | Crear | Villager (Male) |
| 6:08 | Crear | Villager (Male) |
| 6:08 | Crear | Villager (Male) |
| 6:31 | Crear | Fishing Ship |
| 6:31 | Crear | Fishing Ship |
| 6:50 | Construir | House |
| 6:53 | Crear | Villager (Male) |
| 6:53 | Crear | Villager (Male) |
| 6:53 | Crear | Villager (Male) |
| 6:53 | Crear | Villager (Male) |
| 6:53 | Crear | Villager (Male) |
| 6:53 | Crear | Villager (Male) |
| 7:03 | Construir | House |
| 7:26 | Crear | Villager (Male) |
| 7:26 | Crear | Villager (Male) |
| 7:26 | Crear | Villager (Male) |
| 7:26 | Crear | Villager (Male) |
| 7:29 | Crear | Fishing Ship |
| 7:29 | Crear | Fishing Ship |
| 7:37 | Construir | House |
| 7:53 | Crear | Villager (Male) |
| 7:53 | Crear | Villager (Male) |
| 7:53 | Crear | Villager (Male) |
| 7:53 | Crear | Villager (Male) |
| 7:53 | Crear | Villager (Male) |
| 8:15 | Crear | Villager (Male) |
| 8:15 | Crear | Villager (Male) |
| 8:15 | Crear | Villager (Male) |
| 8:15 | Crear | Villager (Male) |
| 8:15 | Crear | Villager (Male) |
| 8:18 | Crear | Fishing Ship |
| 8:19 | Crear | Fishing Ship |
| 8:47 | Crear | Villager (Male) |
| 8:47 | Crear | Villager (Male) |
| 8:47 | Crear | Villager (Male) |
| 8:47 | Crear | Villager (Male) |
| 8:47 | Crear | Villager (Male) |
| 8:58 | Crear | Fishing Ship |
| 8:58 | Crear | Fishing Ship |
| 8:59 | Crear | Fishing Ship |
| 9:03 | Construir | House |
| 9:12 | Crear | Villager (Male) |
| 9:12 | Crear | Villager (Male) |
| 9:12 | Crear | Villager (Male) |
| 9:12 | Crear | Villager (Male) |
| 9:12 | Crear | Villager (Male) |
| 9:13 | Crear | Villager (Male) |
| 9:13 | Crear | Villager (Male) |
| 9:13 | Crear | Villager (Male) |
| 9:13 | Crear | Villager (Male) |
| 9:13 | Crear | Villager (Male) |
| 9:14 | Crear | Villager (Male) |
| 9:14 | Crear | Villager (Male) |
| 9:14 | Crear | Villager (Male) |
| 9:14 | Crear | Villager (Male) |
| 9:14 | Crear | Villager (Male) |
| 9:14 | Crear | Villager (Male) |
| 9:14 | Crear | Villager (Male) |
| 9:14 | Crear | Villager (Male) |
| 9:14 | Crear | Villager (Male) |
| 9:21 | Crear | Villager (Male) |
| 9:21 | Crear | Villager (Male) |
| 9:21 | Crear | Villager (Male) |
| 9:21 | Crear | Villager (Male) |
| 9:21 | Crear | Villager (Male) |
| 9:21 | Crear | Villager (Male) |
| 9:37 | Crear | Villager (Male) |
| 9:37 | Crear | Villager (Male) |
| 9:37 | Crear | Villager (Male) |
| 9:37 | Crear | Villager (Male) |
| 9:37 | Crear | Villager (Male) |
| 9:37 | Crear | Villager (Male) |
| 9:37 | Crear | Villager (Male) |
| 9:37 | Crear | Villager (Male) |
| 9:37 | Crear | Villager (Male) |
| 9:37 | Crear | Villager (Male) |
| 9:37 | Crear | Villager (Male) |
| 9:49 | Crear | Fishing Ship |
| 9:49 | Crear | Fishing Ship |
| 9:50 | Crear | Fishing Ship |
| 9:50 | Crear | Fishing Ship |
| 10:08 | Crear | Villager (Male) |
| 10:08 | Crear | Villager (Male) |
| 10:08 | Crear | Villager (Male) |
| 10:08 | Crear | Villager (Male) |
| 10:08 | Crear | Villager (Male) |
| 10:08 | Crear | Villager (Male) |
| 10:08 | Crear | Villager (Male) |
| 10:08 | Crear | Villager (Male) |
| 10:17 | Crear | Fishing Ship |
| 10:18 | Crear | Fishing Ship |
| 10:18 | Crear | Fishing Ship |
| 10:56 | Construir | House |
| 11:12 | Crear | Villager (Male) |
| 11:12 | Crear | Villager (Male) |
| 11:12 | Crear | Villager (Male) |
| 11:12 | Crear | Villager (Male) |
| 11:12 | Crear | Villager (Male) |
| 11:28 | Construir | Dock |
| 12:18 | Construir | House |
| 12:33 | Construir | Lumber Camp |
| 12:57 | Crear | Villager (Male) |
| 13:05 | Construir | Mill |
| 13:15 | Construir | Mining Camp |
| 13:17 | Investigar | Feudal Age |
| 13:17 | Investigar | Feudal Age |
| 14:26 | Construir | House |
| 15:31 | Crear | Villager (Male) |
| 15:31 | Crear | Villager (Male) |
| 15:32 | Edad | Edad Feudal |
| 15:34 | Construir | Blacksmith |
| 15:37 | Construir | Market |
| 15:52 | Crear | Fire Galley |
| 15:53 | Crear | Fire Galley |
| 16:15 | Construir | House |
| 16:31 | Investigar | Castle Age |
| 16:32 | Investigar | Castle Age |
Build order — 沉着冷静努力C
Primeras 150 de 434 acciones detectadas
| 0:09 | Construir | Town Center |
| 0:59 | Construir | House |
| 1:02 | Construir | Dock |
| 2:41 | Crear | Villager (Male) |
| 2:41 | Crear | Villager (Male) |
| 2:48 | Crear | Villager (Male) |
| 2:48 | Crear | Villager (Male) |
| 3:46 | Crear | Fishing Ship |
| 4:20 | Crear | Villager (Male) |
| 4:20 | Crear | Villager (Male) |
| 4:21 | Crear | Villager (Male) |
| 4:38 | Crear | Villager (Male) |
| 4:39 | Crear | Villager (Male) |
| 4:58 | Crear | Fishing Ship |
| 5:13 | Crear | Villager (Male) |
| 5:13 | Crear | Villager (Male) |
| 5:35 | Construir | House |
| 5:44 | Crear | Villager (Male) |
| 5:45 | Crear | Villager (Male) |
| 5:55 | Crear | Fishing Ship |
| 6:34 | Crear | Villager (Male) |
| 6:34 | Crear | Villager (Male) |
| 6:34 | Crear | Villager (Male) |
| 6:35 | Crear | Villager (Male) |
| 6:49 | Crear | Fishing Ship |
| 7:05 | Crear | Villager (Male) |
| 7:05 | Crear | Villager (Male) |
| 7:09 | Crear | Villager (Male) |
| 7:09 | Crear | Villager (Male) |
| 7:21 | Crear | Villager (Male) |
| 7:22 | Crear | Villager (Male) |
| 7:36 | Crear | Fishing Ship |
| 7:48 | Crear | Villager (Male) |
| 8:05 | Construir | House |
| 8:07 | Investigar | Wheelbarrow |
| 8:25 | Crear | Villager (Male) |
| 8:30 | Investigar | Loom |
| 8:38 | Construir | Lumber Camp |
| 8:45 | Crear | Villager (Male) |
| 9:09 | Construir | House |
| 9:15 | Crear | Villager (Male) |
| 9:15 | Crear | Villager (Male) |
| 9:37 | Crear | Villager (Male) |
| 9:40 | Investigar | Double-Bit Axe |
| 9:42 | Crear | Fishing Ship |
| 9:45 | Construir | House |
| 9:49 | Crear | Villager (Male) |
| 10:15 | Crear | Villager (Male) |
| 10:30 | Construir | Mill |
| 10:37 | Crear | Fishing Ship |
| 10:39 | Construir | House |
| 11:11 | Crear | Fishing Ship |
| 11:27 | Crear | Villager (Male) |
| 11:32 | Construir | House |
| 11:45 | Construir | Mining Camp |
| 11:53 | Crear | Fishing Ship |
| 11:58 | Crear | Villager (Male) |
| 12:03 | Investigar | Feudal Age |
| 12:09 | Construir | House |
| 12:34 | Construir | Barracks |
| 12:55 | Construir | House |
| 12:55 | Crear | Fishing Ship |
| 13:38 | Construir | House |
| 13:43 | Crear | Fishing Ship |
| 13:58 | Construir | House |
| 14:20 | Construir | House |
| 14:33 | Edad | Edad Feudal |
| 14:36 | Construir | Stable |
| 14:38 | Construir | Blacksmith |
| 14:43 | Crear | Villager (Male) |
| 14:43 | Crear | Villager (Male) |
| 14:53 | Crear | Fishing Ship |
| 15:31 | Investigar | Bow Saw |
| 15:43 | Construir | House |
| 15:48 | Crear | Villager (Male) |
| 16:14 | Investigar | Castle Age |
| 16:15 | Investigar | Castle Age |
| 16:20 | Construir | Stable |
| 16:25 | Construir | Palisade Wall |
| 16:42 | Construir | Palisade Wall |
| 17:04 | Investigar | Horse Collar |
| 17:12 | Investigar | Gold Mining |
| 17:15 | Investigar | Scale Barding Armor |
| 17:17 | Crear | Scout Cavalry |
| 17:39 | Construir | House |
| 17:53 | Crear | Villager (Male) |
| 17:53 | Crear | Villager (Male) |
| 18:14 | Construir | Palisade Wall |
| 18:16 | Crear | Villager (Male) |
| 18:38 | Investigar | Heavy Plow |
| 18:51 | Investigar | Forging |
| 18:54 | Edad | Edad de los Castillos |
| 18:55 | Construir | House |
| 19:01 | Construir | Town Center |
| 19:06 | Crear | Knight ×4 |
| 19:22 | Construir | Farm |
| 19:39 | Crear | Villager (Male) |
| 19:44 | Construir | Farm |
| 19:48 | Construir | Farm |
| 20:00 | Crear | Knight ×2 |
| 20:14 | Construir | Farm |
| 20:15 | Crear | Villager (Male) |
| 20:24 | Construir | House |
| 20:27 | Crear | Villager (Male) |
| 20:40 | Construir | Siege Workshop |
| 20:47 | Crear | Villager (Male) |
| 20:48 | Construir | Farm |
| 21:11 | Crear | Knight ×2 |
| 21:13 | Crear | Villager (Male) |
| 21:15 | Crear | Villager (Male) |
| 21:17 | Construir | Farm |
| 21:21 | Construir | Farm |
| 21:34 | Crear | Villager (Male) |
| 21:35 | Crear | Villager (Male) |
| 21:50 | Crear | Villager (Male) |
| 21:50 | Crear | Villager (Male) |
| 21:56 | Crear | Mangonel |
| 22:03 | Crear | Villager (Male) |
| 22:03 | Crear | Villager (Male) |
| 22:07 | Construir | Farm |
| 22:17 | Investigar | Wheelbarrow |
| 22:17 | Investigar | Wheelbarrow |
| 22:34 | Construir | House |
| 22:35 | Construir | House |
| 22:38 | Construir | House |
| 22:40 | Crear | Villager (Male) |
| 22:41 | Crear | Villager (Male) |
| 22:56 | Crear | Mangonel |
| 22:57 | Crear | Villager (Male) |
| 23:08 | Investigar | Husbandry |
| 24:02 | Crear | Villager (Male) |
| 24:03 | Crear | Villager (Male) |
| 24:03 | Crear | Villager (Male) |
| 24:03 | Crear | Villager (Male) |
| 24:05 | Crear | Knight ×3 |
| 24:28 | Crear | Villager (Male) |
| 24:28 | Crear | Villager (Male) |
| 24:29 | Crear | Villager (Male) |
| 24:37 | Construir | Town Center |
| 24:39 | Crear | Villager (Male) |
| 24:40 | Crear | Villager (Male) |
| 25:05 | Crear | Villager (Male) |
| 25:05 | Crear | Villager (Male) |
| 25:05 | Crear | Villager (Male) |
| 25:13 | Crear | Knight |
| 25:35 | Crear | Villager (Male) |
| 25:35 | Crear | Villager (Male) |
| 25:41 | Construir | Farm |
| 25:42 | Construir | Farm |
| 25:42 | Construir | Farm |
Build order — [Fx、]AirWy
Primeras 150 de 385 acciones detectadas
| 0:09 | Construir | Town Center |
| 1:38 | Construir | Dock |
| 1:46 | Construir | House |
| 2:28 | Crear | Villager (Male) |
| 2:29 | Crear | Villager (Male) |
| 2:29 | Crear | Villager (Male) |
| 2:29 | Crear | Villager (Male) |
| 2:29 | Crear | Villager (Male) |
| 2:29 | Crear | Villager (Male) |
| 2:30 | Crear | Villager (Male) |
| 3:53 | Investigar | Loom |
| 4:35 | Crear | Villager (Male) |
| 4:35 | Crear | Villager (Male) |
| 5:11 | Crear | Villager (Male) |
| 5:11 | Crear | Villager (Male) |
| 5:38 | Crear | Fishing Ship |
| 5:38 | Crear | Fishing Ship |
| 5:38 | Crear | Fishing Ship |
| 5:38 | Crear | Fishing Ship |
| 5:48 | Construir | House |
| 5:49 | Construir | House |
| 5:51 | Construir | House |
| 5:55 | Crear | Fishing Ship |
| 5:55 | Crear | Fishing Ship |
| 6:39 | Crear | Villager (Male) |
| 6:39 | Crear | Villager (Male) |
| 6:39 | Crear | Villager (Male) |
| 7:08 | Crear | Villager (Male) |
| 7:08 | Crear | Villager (Male) |
| 7:41 | Crear | Fishing Ship |
| 7:41 | Crear | Fishing Ship |
| 7:41 | Crear | Fishing Ship |
| 7:41 | Crear | Fishing Ship |
| 7:43 | Crear | Villager (Male) |
| 7:43 | Crear | Villager (Male) |
| 8:14 | Crear | Villager (Male) |
| 8:14 | Crear | Villager (Male) |
| 8:14 | Crear | Villager (Male) |
| 8:15 | Crear | Villager (Male) |
| 8:15 | Crear | Villager (Male) |
| 8:54 | Construir | Lumber Camp |
| 8:56 | Crear | Villager (Male) |
| 8:56 | Crear | Villager (Male) |
| 8:57 | Crear | Villager (Male) |
| 8:57 | Crear | Villager (Male) |
| 9:22 | Construir | Mill |
| 10:19 | Crear | Villager (Male) |
| 10:29 | Crear | Fishing Ship |
| 10:33 | Construir | House |
| 10:35 | Construir | House |
| 10:52 | Crear | Villager (Male) |
| 11:12 | Crear | Fishing Ship |
| 11:15 | Crear | Villager (Male) |
| 11:41 | Investigar | Feudal Age |
| 11:41 | Investigar | Feudal Age |
| 11:50 | Construir | Mining Camp |
| 12:14 | Crear | Fishing Ship |
| 13:10 | Crear | Fishing Ship |
| 13:32 | Crear | Villager (Male) |
| 13:32 | Crear | Villager (Male) |
| 13:32 | Crear | Villager (Male) |
| 13:33 | Crear | Villager (Male) |
| 14:00 | Edad | Edad Feudal |
| 14:07 | Construir | Market |
| 14:31 | Construir | Blacksmith |
| 15:46 | Construir | House |
| 15:49 | Construir | House |
| 16:18 | Investigar | Castle Age |
| 16:39 | Construir | Stone Wall |
| 16:51 | Construir | Gate |
| 16:55 | Crear | Villager (Male) |
| 16:55 | Crear | Villager (Male) |
| 17:15 | Construir | Barracks |
| 17:39 | Investigar | Double-Bit Axe |
| 17:39 | Investigar | Double-Bit Axe |
| 17:41 | Investigar | Horse Collar |
| 17:41 | Investigar | Horse Collar |
| 18:22 | Investigar | Wheelbarrow |
| 18:58 | Edad | Edad de los Castillos |
| 19:09 | Construir | Town Center |
| 19:18 | Crear | Villager (Male) |
| 19:19 | Crear | Villager (Male) |
| 19:36 | Construir | Monastery |
| 19:37 | Crear | Villager (Male) |
| 19:37 | Crear | Villager (Male) |
| 20:34 | Crear | Villager (Male) |
| 20:34 | Crear | Villager (Male) |
| 20:34 | Crear | Villager (Male) |
| 20:35 | Crear | Villager (Male) |
| 20:36 | Crear | Villager (Male) |
| 20:36 | Crear | Villager (Male) |
| 20:39 | Crear | Monk |
| 20:39 | Crear | Monk |
| 20:42 | Crear | Villager (Male) |
| 20:43 | Crear | Villager (Male) |
| 20:53 | Construir | Farm |
| 20:55 | Construir | Farm |
| 20:56 | Construir | Farm |
| 20:58 | Construir | Farm |
| 20:59 | Construir | Farm |
| 21:02 | Construir | Farm |
| 21:04 | Construir | Farm |
| 21:05 | Construir | Farm |
| 21:06 | Crear | Villager (Male) |
| 21:06 | Crear | Villager (Male) |
| 21:07 | Crear | Villager (Male) |
| 21:21 | Crear | Villager (Male) |
| 21:22 | Crear | Villager (Male) |
| 21:33 | Investigar | Fervor |
| 21:34 | Crear | Villager (Male) |
| 21:34 | Crear | Villager (Male) |
| 21:56 | Crear | Villager (Male) |
| 22:17 | Construir | Town Center |
| 22:18 | Crear | Villager (Male) |
| 22:18 | Crear | Villager (Male) |
| 22:27 | Crear | Villager (Male) |
| 22:36 | Crear | Villager (Male) |
| 23:08 | Crear | Villager (Male) |
| 23:09 | Crear | Villager (Male) |
| 23:18 | Construir | Farm |
| 23:22 | Construir | Farm |
| 23:26 | Crear | Villager (Male) |
| 23:27 | Crear | Villager (Male) |
| 23:36 | Construir | House |
| 23:37 | Construir | House |
| 23:40 | Construir | House |
| 23:41 | Construir | House |
| 24:04 | Crear | Villager (Male) |
| 24:05 | Crear | Villager (Male) |
| 24:09 | Construir | Farm |
| 24:11 | Construir | Farm |
| 24:12 | Construir | Farm |
| 24:13 | Construir | Farm |
| 24:17 | Construir | Farm |
| 24:30 | Crear | Villager (Male) |
| 24:31 | Crear | Villager (Male) |
| 24:34 | Construir | Farm |
| 24:40 | Construir | Farm |
| 24:44 | Crear | Villager (Male) |
| 24:44 | Crear | Villager (Male) |
| 24:56 | Crear | Villager (Male) |
| 24:56 | Crear | Villager (Male) |
| 25:21 | Construir | Castle |
| 25:22 | Crear | Villager (Male) |
| 25:23 | Crear | Villager (Male) |
| 25:31 | Crear | Villager (Male) |
| 25:32 | Crear | Villager (Male) |
| 25:45 | Crear | Villager (Male) |
| 25:45 | Crear | Villager (Male) |
| 25:54 | Construir | Town Center |
Build order — Van der Leyens Pony
Primeras 150 de 380 acciones detectadas
| 0:20 | Construir | Town Center |
| 0:31 | Construir | Dock |
| 2:41 | Crear | Villager (Male) |
| 2:42 | Crear | Villager (Male) |
| 2:55 | Crear | Villager (Male) |
| 2:56 | Crear | Villager (Male) |
| 3:05 | Crear | Fishing Ship |
| 3:21 | Crear | Villager (Male) |
| 4:08 | Construir | House |
| 4:13 | Construir | House |
| 4:27 | Crear | Fishing Ship |
| 4:40 | Crear | Villager (Male) |
| 4:52 | Construir | House |
| 5:13 | Construir | House |
| 5:34 | Construir | House |
| 5:40 | Crear | Villager (Male) |
| 6:41 | Crear | Villager (Male) |
| 6:41 | Crear | Villager (Male) |
| 6:42 | Crear | Villager (Male) |
| 6:45 | Crear | Fishing Ship |
| 6:49 | Construir | House |
| 7:06 | Crear | Villager (Male) |
| 7:45 | Crear | Villager (Male) |
| 8:17 | Construir | Mill |
| 8:24 | Crear | Villager (Male) |
| 8:25 | Crear | Villager (Male) |
| 8:35 | Crear | Villager (Male) |
| 8:41 | Crear | Fishing Ship |
| 9:34 | Crear | Villager (Male) |
| 9:47 | Construir | Palisade Gate |
| 9:57 | Construir | House |
| 9:58 | Crear | Villager (Male) |
| 10:15 | Investigar | Loom |
| 10:46 | Crear | Villager (Male) |
| 11:09 | Crear | Villager (Male) |
| 11:19 | Investigar | Feudal Age |
| 11:20 | Crear | Villager (Male) |
| 11:21 | Crear | Villager (Male) |
| 11:27 | Construir | Palisade Wall |
| 11:36 | Construir | Mining Camp |
| 11:44 | Crear | Villager (Male) |
| 12:09 | Crear | Fishing Ship |
| 12:11 | Crear | Fishing Ship |
| 12:21 | Construir | House |
| 12:27 | Construir | Palisade Wall |
| 12:30 | Crear | Villager (Male) |
| 13:29 | Edad | Edad Feudal |
| 13:35 | Construir | Market |
| 13:43 | Construir | House |
| 13:48 | Construir | Palisade Gate |
| 13:53 | Construir | Palisade Wall |
| 14:01 | Crear | Villager (Male) |
| 14:24 | Construir | Blacksmith |
| 15:01 | Construir | Mining Camp |
| 15:13 | Investigar | Castle Age |
| 16:29 | Construir | Lumber Camp |
| 16:51 | Construir | Outpost |
| 16:55 | Crear | Villager (Male) |
| 17:53 | Edad | Edad de los Castillos |
| 18:06 | Crear | Villager (Male) |
| 18:20 | Construir | Palisade Wall |
| 18:27 | Construir | Castle |
| 18:34 | Construir | Palisade Gate |
| 18:36 | Construir | House |
| 18:37 | Construir | House |
| 18:43 | Crear | Villager (Male) |
| 18:44 | Crear | Villager (Male) |
| 18:44 | Crear | Villager (Male) |
| 19:11 | Construir | Town Center |
| 19:29 | Construir | House |
| 19:31 | Construir | House |
| 19:46 | Crear | Rattan Archer |
| 19:46 | Crear | Rattan Archer |
| 20:14 | Crear | Rattan Archer |
| 20:14 | Crear | Rattan Archer |
| 20:32 | Construir | Lumber Camp |
| 20:33 | Crear | Villager (Male) |
| 20:33 | Crear | Villager (Male) |
| 20:34 | Crear | Villager (Male) |
| 20:48 | Construir | Outpost |
| 20:52 | Crear | Rattan Archer |
| 20:55 | Crear | Villager (Male) |
| 20:55 | Crear | Villager (Male) |
| 20:56 | Crear | Villager (Male) |
| 21:19 | Crear | Rattan Archer |
| 21:19 | Crear | Rattan Archer |
| 21:22 | Crear | Villager (Male) |
| 21:50 | Crear | Rattan Archer |
| 22:03 | Construir | Outpost |
| 22:11 | Crear | Rattan Archer |
| 22:16 | Crear | Rattan Archer |
| 22:17 | Crear | Rattan Archer |
| 22:24 | Crear | Villager (Male) |
| 22:43 | Construir | Siege Workshop |
| 22:50 | Crear | Villager (Male) |
| 22:50 | Crear | Villager (Male) |
| 23:19 | Crear | Villager (Male) |
| 23:24 | Construir | House |
| 23:26 | Construir | House |
| 23:27 | Construir | House |
| 23:32 | Construir | Stone Wall |
| 23:33 | Construir | Stone Wall |
| 23:35 | Construir | Stone Wall |
| 23:36 | Construir | Stone Wall |
| 23:48 | Crear | Rattan Archer |
| 23:48 | Crear | Rattan Archer |
| 23:48 | Crear | Rattan Archer |
| 24:17 | Crear | Villager (Male) |
| 24:22 | Construir | Farm |
| 24:22 | Construir | Farm |
| 24:23 | Construir | Farm |
| 24:23 | Construir | Farm |
| 24:24 | Construir | Farm |
| 24:24 | Construir | Farm |
| 24:24 | Construir | Farm |
| 24:33 | Construir | Farm |
| 24:34 | Construir | Farm |
| 24:36 | Construir | Farm |
| 24:37 | Construir | Farm |
| 24:37 | Construir | Farm |
| 24:45 | Construir | Farm |
| 24:45 | Construir | Farm |
| 24:46 | Construir | Farm |
| 24:49 | Crear | Battering Ram |
| 25:21 | Crear | Villager (Male) |
| 25:54 | Crear | Villager (Male) |
| 25:55 | Crear | Villager (Male) |
| 25:56 | Crear | Villager (Male) |
| 26:06 | Crear | Rattan Archer |
| 26:12 | Crear | Mangonel |
| 26:17 | Crear | Rattan Archer |
| 26:18 | Crear | Villager (Male) |
| 26:18 | Crear | Villager (Male) |
| 26:19 | Crear | Villager (Male) |
| 26:28 | Construir | Farm |
| 26:50 | Crear | Villager (Male) |
| 26:50 | Crear | Villager (Male) |
| 27:28 | Construir | Farm |
| 27:28 | Construir | Farm |
| 27:30 | Crear | Villager (Male) |
| 27:30 | Crear | Villager (Male) |
| 27:31 | Crear | Villager (Male) |
| 27:37 | Construir | Mill |
| 27:41 | Construir | Farm |
| 27:41 | Construir | Farm |
| 27:42 | Construir | Farm |
| 27:42 | Construir | Farm |
| 27:42 | Construir | Farm |
| 27:43 | Construir | Farm |
| 28:06 | Construir | Barracks |
Build order — [Fx、]AirDk
Primeras 150 de 286 acciones detectadas
| 0:05 | Construir | Town Center |
| 0:40 | Construir | Dock |
| 1:38 | Construir | House |
| 1:41 | Construir | Palisade Wall |
| 2:35 | Crear | Villager (Male) |
| 2:39 | Investigar | Loom |
| 2:39 | Investigar | Loom |
| 2:39 | Crear | Villager (Male) |
| 2:39 | Crear | Villager (Male) |
| 2:40 | Crear | Villager (Male) |
| 2:40 | Crear | Villager (Male) |
| 2:40 | Crear | Villager (Male) |
| 3:44 | Construir | House |
| 4:20 | Crear | Villager (Male) |
| 5:10 | Crear | Fishing Ship |
| 5:32 | Construir | House |
| 5:37 | Construir | House |
| 5:40 | Crear | Villager (Male) |
| 6:06 | Crear | Villager (Male) |
| 6:30 | Crear | Villager (Male) |
| 6:31 | Crear | Fishing Ship |
| 7:04 | Construir | House |
| 7:11 | Crear | Villager (Male) |
| 7:11 | Crear | Villager (Male) |
| 7:12 | Crear | Villager (Male) |
| 7:12 | Crear | Villager (Male) |
| 7:42 | Crear | Fishing Ship |
| 7:50 | Crear | Villager (Male) |
| 8:46 | Crear | Villager (Male) |
| 8:54 | Construir | House |
| 9:07 | Crear | Villager (Male) |
| 9:17 | Construir | Mill |
| 9:38 | Crear | Villager (Male) |
| 10:10 | Crear | Villager (Male) |
| 10:26 | Crear | Villager (Male) |
| 10:45 | Construir | Mining Camp |
| 10:49 | Construir | Palisade Wall |
| 11:08 | Investigar | Feudal Age |
| 11:08 | Investigar | Feudal Age |
| 11:37 | Construir | Palisade Wall |
| 12:33 | Construir | House |
| 12:58 | Crear | Villager (Male) |
| 12:58 | Crear | Villager (Male) |
| 13:08 | Construir | Palisade Wall |
| 13:10 | Construir | Palisade Wall |
| 13:12 | Construir | Palisade Wall |
| 13:14 | Construir | Palisade Wall |
| 13:17 | Construir | Palisade Wall |
| 13:18 | Edad | Edad Feudal |
| 13:20 | Construir | Palisade Wall |
| 13:22 | Crear | Villager (Male) |
| 13:31 | Construir | Blacksmith |
| 13:35 | Crear | Villager (Male) |
| 13:51 | Construir | Market |
| 14:06 | Construir | House |
| 16:14 | Crear | Villager (Male) |
| 16:16 | Crear | Villager (Male) |
| 16:35 | Investigar | Castle Age |
| 16:35 | Investigar | Castle Age |
| 16:51 | Construir | Mining Camp |
| 17:00 | Construir | Watch Tower |
| 17:47 | Construir | Mining Camp |
| 17:56 | Construir | Palisade Wall |
| 17:59 | Construir | Palisade Wall |
| 18:03 | Construir | Palisade Wall |
| 18:15 | Construir | Mining Camp |
| 18:22 | Construir | Watch Tower |
| 18:39 | Construir | Palisade Wall |
| 18:44 | Construir | House |
| 18:56 | Construir | House |
| 18:58 | Construir | Palisade Wall |
| 19:03 | Construir | Palisade Gate |
| 19:05 | Construir | Palisade Wall |
| 19:11 | Crear | Villager (Male) |
| 19:11 | Crear | Villager (Male) |
| 19:44 | Construir | House |
| 19:44 | Edad | Edad de los Castillos |
| 20:10 | Construir | Palisade Wall |
| 20:13 | Construir | Palisade Wall |
| 20:25 | Crear | Villager (Male) |
| 20:49 | Construir | House |
| 21:03 | Construir | Stone Wall |
| 21:06 | Construir | Stone Wall |
| 21:13 | Crear | Villager (Male) |
| 21:13 | Crear | Villager (Male) |
| 21:18 | Construir | Monastery |
| 21:39 | Investigar | Town Watch |
| 22:18 | Crear | Monk |
| 23:28 | Construir | Stone Wall |
| 26:32 | Construir | Lumber Camp |
| 27:45 | Investigar | Double-Bit Axe |
| 32:33 | Construir | Town Center |
| 32:36 | Construir | Town Center |
| 32:42 | Construir | Town Center |
| 33:03 | Investigar | Tech 905 |
| 33:21 | Crear | Demolition Raft |
| 33:22 | Crear | Demolition Raft |
| 33:47 | Construir | Town Center |
| 33:50 | Crear | Villager (Male) |
| 33:50 | Crear | Villager (Male) |
| 33:53 | Crear | Villager (Male) |
| 33:53 | Crear | Villager (Male) |
| 34:24 | Investigar | Wheelbarrow |
| 34:25 | Investigar | Wheelbarrow |
| 34:39 | Crear | Villager (Male) |
| 34:59 | Crear | Demolition Raft |
| 35:03 | Crear | Villager (Male) |
| 35:04 | Crear | Villager (Male) |
| 35:17 | Crear | Villager (Male) |
| 35:27 | Crear | Villager (Male) |
| 35:46 | Crear | Villager (Male) |
| 35:48 | Crear | Villager (Male) |
| 35:49 | Crear | Villager (Male) |
| 35:57 | Crear | Demolition Raft |
| 36:24 | Crear | Fishing Ship |
| 36:30 | Crear | Villager (Male) |
| 36:30 | Crear | Villager (Male) |
| 36:30 | Crear | Villager (Male) |
| 36:44 | Crear | Villager (Male) |
| 36:57 | Crear | Fishing Ship |
| 36:59 | Crear | Villager (Male) |
| 37:08 | Construir | Mill |
| 37:14 | Crear | Villager (Male) |
| 37:15 | Crear | Villager (Male) |
| 37:21 | Crear | Villager (Male) |
| 37:26 | Crear | Villager (Male) |
| 37:39 | Crear | Villager (Male) |
| 38:09 | Crear | Demolition Raft |
| 38:09 | Crear | Demolition Raft |
| 38:11 | Crear | Villager (Male) |
| 38:27 | Construir | Siege Workshop |
| 38:43 | Crear | Villager (Male) |
| 39:03 | Crear | Mangonel |
| 39:23 | Crear | Villager (Male) |
| 39:37 | Crear | Villager (Male) |
| 39:38 | Crear | Villager (Male) |
| 39:38 | Crear | Villager (Male) |
| 39:38 | Crear | Villager (Male) |
| 39:53 | Crear | Villager (Male) |
| 40:08 | Crear | Villager (Male) |
| 40:11 | Construir | Town Center |
| 40:14 | Construir | Farm |
| 40:14 | Construir | Farm |
| 40:15 | Construir | Farm |
| 40:15 | Construir | Farm |
| 40:15 | Construir | Farm |
| 40:15 | Construir | Farm |
| 40:16 | Construir | Farm |
| 40:16 | Construir | Farm |
| 40:16 | Construir | Farm |
Build order — Lord Pilleman
Primeras 150 de 388 acciones detectadas
| 0:24 | Construir | Town Center |
| 0:37 | Construir | Dock |
| 2:38 | Crear | Villager (Male) |
| 2:38 | Crear | Villager (Male) |
| 2:39 | Crear | Villager (Male) |
| 2:39 | Crear | Villager (Male) |
| 2:39 | Crear | Villager (Male) |
| 2:50 | Crear | Fishing Ship |
| 3:18 | Crear | Villager (Male) |
| 3:19 | Crear | Villager (Male) |
| 3:55 | Construir | House |
| 4:37 | Crear | Fishing Ship |
| 4:44 | Investigar | Loom |
| 5:08 | Crear | Villager (Male) |
| 5:08 | Crear | Villager (Male) |
| 5:09 | Crear | Villager (Male) |
| 5:16 | Crear | Fishing Ship |
| 5:16 | Crear | Fishing Ship |
| 5:17 | Crear | Fishing Ship |
| 5:39 | Crear | Villager (Male) |
| 5:39 | Crear | Villager (Male) |
| 5:39 | Crear | Villager (Male) |
| 6:01 | Crear | Villager (Male) |
| 6:01 | Crear | Villager (Male) |
| 6:02 | Crear | Villager (Male) |
| 6:10 | Crear | Villager (Male) |
| 6:10 | Crear | Villager (Male) |
| 6:19 | Construir | House |
| 6:37 | Crear | Fishing Ship |
| 6:38 | Crear | Fishing Ship |
| 7:01 | Crear | Villager (Male) |
| 7:01 | Crear | Villager (Male) |
| 7:01 | Crear | Villager (Male) |
| 7:02 | Crear | Villager (Male) |
| 7:03 | Crear | Villager (Male) |
| 7:03 | Crear | Villager (Male) |
| 7:19 | Crear | Villager (Male) |
| 7:25 | Crear | Villager (Male) |
| 7:33 | Crear | Fishing Ship |
| 7:34 | Crear | Fishing Ship |
| 7:38 | Construir | House |
| 8:04 | Crear | Villager (Male) |
| 8:04 | Crear | Villager (Male) |
| 8:05 | Crear | Villager (Male) |
| 8:08 | Crear | Fishing Ship |
| 8:54 | Construir | Mill |
| 9:11 | Construir | House |
| 9:30 | Crear | Villager (Male) |
| 10:09 | Crear | Villager (Male) |
| 10:34 | Construir | Barracks |
| 10:51 | Construir | Palisade Wall |
| 10:54 | Construir | Palisade Wall |
| 11:02 | Crear | Villager (Male) |
| 11:06 | Investigar | Feudal Age |
| 11:28 | Construir | Dock |
| 11:34 | Construir | House |
| 11:38 | Construir | House |
| 11:42 | Construir | Palisade Wall |
| 12:04 | Construir | House |
| 12:20 | Crear | Fishing Ship |
| 12:21 | Crear | Fishing Ship |
| 12:34 | Crear | Fishing Ship |
| 12:37 | Crear | Fishing Ship |
| 12:55 | Crear | Villager (Male) |
| 12:55 | Crear | Villager (Male) |
| 13:07 | Crear | Villager (Male) |
| 13:16 | Edad | Edad Feudal |
| 13:19 | Construir | Archery Range |
| 13:23 | Construir | Palisade Wall |
| 13:28 | Construir | Archery Range |
| 13:40 | Construir | Farm |
| 13:43 | Construir | Farm |
| 14:03 | Crear | Fishing Ship |
| 14:03 | Crear | Fishing Ship |
| 14:26 | Construir | Lumber Camp |
| 14:32 | Construir | House |
| 14:34 | Crear | Archer |
| 14:34 | Crear | Archer |
| 14:34 | Crear | Archer |
| 14:35 | Crear | Archer |
| 14:37 | Crear | Villager (Male) |
| 14:46 | Crear | Archer |
| 14:57 | Crear | Villager (Male) |
| 15:02 | Crear | Archer |
| 15:08 | Construir | Palisade Wall |
| 15:25 | Construir | Palisade Wall |
| 15:35 | Crear | Archer |
| 15:36 | Crear | Archer |
| 15:36 | Crear | Archer |
| 15:51 | Crear | Archer |
| 15:52 | Crear | Archer |
| 15:54 | Crear | Villager (Male) |
| 16:03 | Construir | Blacksmith |
| 16:18 | Crear | Archer |
| 16:51 | Crear | Archer |
| 16:51 | Crear | Archer |
| 16:53 | Investigar | Fletching |
| 17:02 | Construir | House |
| 17:04 | Construir | House |
| 17:07 | Crear | Villager (Male) |
| 17:09 | Investigar | Double-Bit Axe |
| 17:09 | Investigar | Double-Bit Axe |
| 17:12 | Construir | House |
| 17:15 | Crear | Archer |
| 17:16 | Crear | Archer |
| 17:16 | Crear | Archer |
| 17:51 | Investigar | Castle Age |
| 18:19 | Construir | House |
| 18:48 | Investigar | Padded Archer Armor |
| 18:50 | Crear | Archer |
| 18:50 | Crear | Archer |
| 18:58 | Crear | Villager (Male) |
| 18:58 | Crear | Villager (Male) |
| 19:01 | Construir | House |
| 19:03 | Construir | House |
| 19:05 | Construir | Palisade Wall |
| 19:18 | Construir | Palisade Gate |
| 19:27 | Crear | Archer |
| 19:27 | Crear | Archer |
| 19:27 | Crear | Archer |
| 19:27 | Crear | Archer |
| 19:37 | Crear | Archer |
| 19:37 | Crear | Archer |
| 19:42 | Crear | Villager (Male) |
| 19:43 | Construir | Farm |
| 19:43 | Construir | Farm |
| 19:43 | Construir | Farm |
| 19:44 | Construir | Farm |
| 19:45 | Crear | Fishing Ship |
| 19:45 | Crear | Fishing Ship |
| 19:45 | Crear | Fishing Ship |
| 19:52 | Construir | Archery Range |
| 20:04 | Construir | Market |
| 20:14 | Investigar | Horse Collar |
| 20:30 | Crear | Villager (Male) |
| 20:30 | Crear | Villager (Male) |
| 20:31 | Edad | Edad de los Castillos |
| 20:37 | Construir | Siege Workshop |
| 20:45 | Investigar | Bodkin Arrow |
| 20:50 | Investigar | Crossbowman (upgrade) |
| 20:50 | Investigar | Crossbowman (upgrade) |
| 20:50 | Investigar | Crossbowman (upgrade) |
| 20:57 | Construir | Farm |
| 20:57 | Construir | Farm |
| 20:58 | Construir | Farm |
| 21:00 | Crear | Villager (Male) |
| 21:00 | Crear | Villager (Male) |
| 21:01 | Crear | Villager (Male) |
| 21:46 | Crear | Mangonel |
| 21:51 | Construir | House |
Build order — Awugo555
Primeras 150 de 273 acciones detectadas
| 0:59 | Construir | Town Center |
| 3:17 | Construir | House |
| 3:18 | Construir | House |
| 3:29 | Crear | Villager (Male) |
| 3:29 | Crear | Villager (Male) |
| 3:29 | Crear | Villager (Male) |
| 3:29 | Crear | Villager (Male) |
| 3:56 | Investigar | Loom |
| 3:57 | Investigar | Loom |
| 3:58 | Crear | Villager (Male) |
| 3:58 | Crear | Villager (Male) |
| 3:59 | Crear | Villager (Male) |
| 4:55 | Crear | Villager (Male) |
| 5:45 | Construir | Lumber Camp |
| 6:05 | Crear | Villager (Male) |
| 6:05 | Crear | Villager (Male) |
| 6:05 | Crear | Villager (Male) |
| 6:31 | Crear | Villager (Male) |
| 7:13 | Crear | Villager (Male) |
| 7:14 | Crear | Villager (Male) |
| 7:47 | Construir | House |
| 8:20 | Construir | House |
| 8:22 | Crear | Villager (Male) |
| 8:23 | Crear | Villager (Male) |
| 8:40 | Construir | Mill |
| 8:43 | Crear | Villager (Male) |
| 9:03 | Construir | House |
| 9:26 | Crear | Villager (Male) |
| 9:39 | Crear | Villager (Male) |
| 10:08 | Crear | Villager (Male) |
| 10:27 | Crear | Villager (Male) |
| 10:41 | Crear | Villager (Male) |
| 10:58 | Construir | Farm |
| 11:22 | Construir | Farm |
| 11:25 | Crear | Villager (Male) |
| 11:47 | Construir | Farm |
| 12:02 | Crear | Villager (Male) |
| 12:16 | Construir | Mining Camp |
| 12:22 | Investigar | Feudal Age |
| 13:11 | Construir | House |
| 13:14 | Construir | House |
| 13:25 | Construir | Palisade Wall |
| 13:32 | Construir | Palisade Gate |
| 13:37 | Crear | Villager (Male) |
| 13:43 | Construir | Farm |
| 13:43 | Construir | Farm |
| 13:45 | Construir | Farm |
| 13:48 | Construir | Farm |
| 13:50 | Crear | Villager (Male) |
| 14:17 | Construir | Palisade Wall |
| 14:42 | Edad | Edad Feudal |
| 14:50 | Crear | Villager (Male) |
| 14:59 | Construir | Blacksmith |
| 15:22 | Construir | Market |
| 15:29 | Crear | Villager (Male) |
| 15:41 | Construir | Farm |
| 15:59 | Crear | Villager (Male) |
| 16:03 | Construir | Farm |
| 16:22 | Construir | Palisade Wall |
| 16:29 | Construir | Farm |
| 16:32 | Crear | Villager (Male) |
| 16:44 | Construir | Farm |
| 16:45 | Construir | Farm |
| 16:53 | Construir | Farm |
| 17:09 | Crear | Villager (Male) |
| 17:26 | Crear | Villager (Male) |
| 17:48 | Construir | Farm |
| 18:08 | Crear | Villager (Male) |
| 18:22 | Construir | Farm |
| 18:25 | Crear | Villager (Male) |
| 19:08 | Construir | Lumber Camp |
| 19:14 | Construir | Farm |
| 19:14 | Construir | Farm |
| 19:42 | Investigar | Castle Age |
| 19:53 | Construir | Mining Camp |
| 20:55 | Investigar | Stone Mining |
| 21:00 | Investigar | Double-Bit Axe |
| 21:56 | Construir | House |
| 21:57 | Construir | House |
| 22:22 | Edad | Edad de los Castillos |
| 23:07 | Construir | Town Center |
| 23:41 | Crear | Villager (Male) |
| 23:42 | Crear | Villager (Male) |
| 24:10 | Crear | Villager (Male) |
| 24:11 | Crear | Villager (Male) |
| 25:00 | Construir | Farm |
| 25:02 | Crear | Villager (Male) |
| 25:13 | Construir | Castle |
| 25:18 | Construir | Farm |
| 25:20 | Crear | Villager (Male) |
| 25:41 | Crear | Villager (Male) |
| 26:03 | Crear | Villager (Male) |
| 26:22 | Construir | Farm |
| 26:23 | Construir | Farm |
| 26:25 | Crear | Villager (Male) |
| 26:26 | Crear | Villager (Male) |
| 26:35 | Construir | Mill |
| 27:13 | Construir | Farm |
| 27:15 | Crear | Villager (Male) |
| 27:21 | Construir | Farm |
| 27:48 | Crear | Villager (Male) |
| 27:52 | Construir | Farm |
| 28:00 | Construir | Farm |
| 28:02 | Construir | Farm |
| 28:03 | Construir | Farm |
| 28:04 | Construir | Farm |
| 28:05 | Construir | Farm |
| 28:06 | Construir | Farm |
| 28:09 | Crear | Villager (Male) |
| 28:20 | Crear | Villager (Male) |
| 28:22 | Crear | Villager (Male) |
| 28:27 | Construir | Farm |
| 28:55 | Crear | Villager (Male) |
| 29:02 | Construir | Town Center |
| 29:05 | Crear | Villager (Male) |
| 29:19 | Crear | Gbeto |
| 29:20 | Crear | Gbeto |
| 29:20 | Crear | Gbeto |
| 29:20 | Crear | Gbeto |
| 29:20 | Crear | Gbeto |
| 29:42 | Construir | Farm |
| 29:43 | Construir | Farm |
| 29:54 | Crear | Villager (Male) |
| 30:06 | Construir | Farm |
| 30:08 | Crear | Gbeto |
| 30:16 | Crear | Villager (Male) |
| 30:22 | Investigar | Horse Collar |
| 31:20 | Crear | Villager (Male) |
| 31:20 | Crear | Villager (Male) |
| 31:23 | Crear | Villager (Male) |
| 31:23 | Crear | Villager (Male) |
| 31:24 | Crear | Villager (Male) |
| 31:42 | Investigar | Scale Mail Armor |
| 32:08 | Crear | Gbeto |
| 32:09 | Crear | Gbeto |
| 32:09 | Crear | Gbeto |
| 32:11 | Crear | Villager (Male) |
| 32:11 | Crear | Villager (Male) |
| 32:11 | Crear | Villager (Male) |
| 32:12 | Crear | Villager (Male) |
| 32:13 | Crear | Villager (Male) |
| 33:03 | Crear | Gbeto |
| 33:04 | Crear | Gbeto |
| 33:04 | Crear | Gbeto |
| 33:06 | Crear | Villager (Male) |
| 33:06 | Crear | Villager (Male) |
| 33:07 | Crear | Villager (Male) |
| 33:15 | Construir | Farm |
| 33:17 | Construir | Farm |
| 33:18 | Construir | Farm |
Build order — 浓淡相间
Primeras 150 de 416 acciones detectadas
| 1:17 | Construir | Town Center |
| 3:37 | Crear | Villager (Male) |
| 3:37 | Crear | Villager (Male) |
| 3:38 | Crear | Villager (Male) |
| 3:38 | Crear | Villager (Male) |
| 3:38 | Crear | Villager (Male) |
| 4:25 | Construir | Dock |
| 4:31 | Construir | House |
| 5:23 | Crear | Fishing Ship |
| 5:23 | Crear | Fishing Ship |
| 6:14 | Crear | Fishing Ship |
| 6:39 | Crear | Villager (Male) |
| 6:39 | Crear | Villager (Male) |
| 7:01 | Crear | Villager (Male) |
| 7:27 | Crear | Villager (Male) |
| 7:35 | Crear | Fishing Ship |
| 7:51 | Crear | Villager (Male) |
| 8:11 | Crear | Villager (Male) |
| 8:22 | Construir | House |
| 8:27 | Investigar | Loom |
| 8:40 | Crear | Fishing Ship |
| 8:41 | Crear | Fishing Ship |
| 9:00 | Crear | Villager (Male) |
| 9:17 | Crear | Villager (Male) |
| 9:31 | Crear | Fishing Ship |
| 9:32 | Crear | Villager (Male) |
| 9:48 | Crear | Villager (Male) |
| 10:04 | Crear | Fishing Ship |
| 10:08 | Construir | House |
| 10:43 | Crear | Villager (Male) |
| 10:44 | Crear | Fishing Ship |
| 11:28 | Crear | Villager (Male) |
| 11:35 | Crear | Villager (Male) |
| 11:39 | Construir | House |
| 11:53 | Construir | Mill |
| 12:09 | Crear | Villager (Male) |
| 12:12 | Crear | Fishing Ship |
| 12:31 | Construir | House |
| 13:03 | Crear | Villager (Male) |
| 13:06 | Crear | Fishing Ship |
| 13:25 | Investigar | Feudal Age |
| 14:14 | Construir | House |
| 14:16 | Construir | Palisade Wall |
| 14:56 | Construir | Dock |
| 15:25 | Construir | Palisade Wall |
| 15:33 | Construir | Palisade Wall |
| 15:38 | Edad | Edad Feudal |
| 15:40 | Construir | House |
| 15:43 | Construir | Palisade Wall |
| 15:44 | Crear | Villager (Male) |
| 15:55 | Construir | Market |
| 16:05 | Crear | Villager (Male) |
| 16:06 | Investigar | Town Watch |
| 16:37 | Construir | Blacksmith |
| 16:41 | Construir | House |
| 17:19 | Investigar | Castle Age |
| 17:22 | Construir | Lumber Camp |
| 17:48 | Investigar | Double-Bit Axe |
| 18:34 | Construir | Mining Camp |
| 18:50 | Investigar | Fletching |
| 19:40 | Crear | Villager (Male) |
| 19:59 | Edad | Edad de los Castillos |
| 20:02 | Crear | Longboat |
| 20:02 | Crear | Longboat |
| 20:10 | Investigar | Bow Saw |
| 20:16 | Crear | Villager (Male) |
| 20:29 | Crear | Longboat |
| 20:29 | Crear | Longboat |
| 20:44 | Crear | Longboat |
| 20:51 | Crear | Villager (Male) |
| 21:03 | Crear | Longboat |
| 21:05 | Crear | Villager (Male) |
| 21:27 | Crear | Galley |
| 21:36 | Crear | Longboat |
| 21:37 | Crear | Villager (Male) |
| 21:50 | Crear | Villager (Male) |
| 22:04 | Crear | Longboat |
| 22:06 | Crear | Longboat |
| 22:10 | Crear | Villager (Male) |
| 22:29 | Construir | House |
| 22:34 | Crear | Villager (Male) |
| 22:47 | Investigar | Bodkin Arrow |
| 22:48 | Crear | Villager (Male) |
| 23:14 | Construir | Town Center |
| 23:20 | Crear | Villager (Male) |
| 23:41 | Crear | Longboat |
| 23:41 | Crear | Longboat |
| 23:45 | Crear | Longboat |
| 24:07 | Crear | Villager (Male) |
| 24:53 | Crear | Villager (Male) |
| 24:53 | Crear | Villager (Male) |
| 25:12 | Crear | Villager (Male) |
| 25:13 | Crear | Villager (Male) |
| 25:18 | Construir | Farm |
| 25:22 | Investigar | Horse Collar |
| 25:24 | Construir | Farm |
| 25:25 | Construir | Farm |
| 25:56 | Construir | Castle |
| 26:03 | Crear | Villager (Male) |
| 26:04 | Crear | Villager (Male) |
| 26:04 | Crear | Villager (Male) |
| 26:10 | Crear | Villager (Male) |
| 26:14 | Construir | Farm |
| 26:16 | Construir | Farm |
| 26:27 | Crear | Villager (Male) |
| 26:31 | Construir | House |
| 26:32 | Construir | House |
| 26:49 | Crear | Villager (Male) |
| 27:09 | Crear | Villager (Male) |
| 27:16 | Construir | Town Center |
| 27:21 | Construir | Palisade Wall |
| 27:29 | Construir | Mining Camp |
| 27:38 | Crear | Villager (Male) |
| 27:38 | Crear | Villager (Male) |
| 27:38 | Crear | Villager (Male) |
| 27:47 | Construir | House |
| 28:00 | Construir | Farm |
| 28:03 | Investigar | Heavy Plow |
| 28:19 | Crear | Villager (Male) |
| 28:19 | Crear | Villager (Male) |
| 28:20 | Crear | Villager (Male) |
| 28:20 | Crear | Villager (Male) |
| 28:51 | Construir | Town Center |
| 28:51 | Crear | Villager (Male) |
| 28:52 | Crear | Villager (Male) |
| 28:52 | Crear | Villager (Male) |
| 28:58 | Crear | Villager (Male) |
| 29:01 | Construir | Farm |
| 29:08 | Construir | Lumber Camp |
| 29:12 | Construir | Farm |
| 29:13 | Construir | Farm |
| 29:16 | Construir | Farm |
| 29:35 | Crear | Villager (Male) |
| 29:37 | Crear | Villager (Male) |
| 29:37 | Crear | Villager (Male) |
| 29:38 | Crear | Villager (Male) |
| 29:47 | Crear | Villager (Male) |
| 29:48 | Crear | Villager (Male) |
| 29:54 | Construir | Farm |
| 29:55 | Construir | Farm |
| 29:56 | Construir | Farm |
| 29:58 | Construir | Farm |
| 29:59 | Construir | Farm |
| 30:04 | Crear | Villager (Male) |
| 30:23 | Crear | Villager (Male) |
| 30:24 | Crear | Villager (Male) |
| 30:25 | Crear | Villager (Male) |
| 30:26 | Crear | Villager (Male) |
| 30:28 | Crear | Villager (Male) |
| 30:31 | Construir | Mill |
Cronología de la partida
| 0:31 | Van der Leyens Pony · first_building Dock |
| 0:37 | Lord Pilleman · first_building Dock |
| 0:40 | [Fx、]AirDk · first_building Dock |
| 1:02 | 沉着冷静努力C · first_building Dock |
| 1:30 | _CZ_浪显 · first_building Dock |
| 1:38 | [Fx、]AirWy · first_building Dock |
| 1:41 | [Fx、]AirDk · wall_segment Palisade Wall x1 |
| 4:25 | 浓淡相间 · first_building Dock |
| 10:34 | Lord Pilleman · first_building Barracks |
| 10:49 | [Fx、]AirDk · wall_segment Palisade Wall x1 |
| 10:51 | Lord Pilleman · wall_segment Palisade Wall x1 |
| 10:54 | Lord Pilleman · wall_segment Palisade Wall x1 |
| 11:27 | Van der Leyens Pony · wall_segment Palisade Wall x4 |
| 11:37 | [Fx、]AirDk · wall_segment Palisade Wall x1 |
| 11:42 | Lord Pilleman · wall_segment Palisade Wall x6 |
| 12:27 | Van der Leyens Pony · wall_segment Palisade Wall x4 |
| 12:34 | 沉着冷静努力C · first_building Barracks |
| 13:08 | [Fx、]AirDk · wall_segment Palisade Wall x1 |
| 13:10 | [Fx、]AirDk · wall_segment Palisade Wall x1 |
| 13:12 | [Fx、]AirDk · wall_segment Palisade Wall x1 |
| 13:14 | [Fx、]AirDk · wall_segment Palisade Wall x1 |
| 13:16 | Lord Pilleman · age_up feudal |
| 13:17 | [Fx、]AirDk · wall_segment Palisade Wall x1 |
| 13:18 | [Fx、]AirDk · age_up feudal |
| 13:19 | Lord Pilleman · first_building Archery Range |
| 13:20 | [Fx、]AirDk · wall_segment Palisade Wall x1 |
| 13:23 | Lord Pilleman · wall_segment Palisade Wall x1 |
| 13:25 | Awugo555 · wall_segment Palisade Wall x3 |
| 13:29 | Van der Leyens Pony · age_up feudal |
| 13:53 | Van der Leyens Pony · wall_segment Palisade Wall x4 |
| 14:00 | [Fx、]AirWy · age_up feudal |
| 14:16 | 浓淡相间 · wall_segment Palisade Wall x5 |
| 14:17 | Awugo555 · wall_segment Palisade Wall x4 |
| 14:33 | 沉着冷静努力C · age_up feudal |
| 14:36 | 沉着冷静努力C · first_building Stable |
| 14:42 | Awugo555 · age_up feudal |
| 15:08 | Lord Pilleman · wall_segment Palisade Wall x1 |
| 15:09 | Van der Leyens Pony · first_market_sell 100 food |
| 15:12 | [Fx、]AirDk · first_market_sell 100 food |
| 15:25 | Lord Pilleman · wall_segment Palisade Wall x2 |
| 15:25 | 浓淡相间 · wall_segment Palisade Wall x4 |
| 15:32 | _CZ_浪显 · age_up feudal |
| 15:33 | 浓淡相间 · wall_segment Palisade Wall x1 |
| 15:38 | 浓淡相间 · age_up feudal |
| 15:43 | 浓淡相间 · wall_segment Palisade Wall x10 |
| 16:22 | Awugo555 · wall_segment Palisade Wall x6 |
| 16:25 | 沉着冷静努力C · wall_segment Palisade Wall x1 |
| 16:39 | [Fx、]AirWy · wall_segment Stone Wall x7 |
| 16:42 | 沉着冷静努力C · wall_segment Palisade Wall x5 |
| 17:15 | [Fx、]AirWy · first_building Barracks |
| 17:53 | Van der Leyens Pony · age_up castle |
| 17:56 | [Fx、]AirDk · wall_segment Palisade Wall x1 |
| 17:59 | [Fx、]AirDk · wall_segment Palisade Wall x1 |
| 18:03 | [Fx、]AirDk · wall_segment Palisade Wall x1 |
| 18:14 | 沉着冷静努力C · wall_segment Palisade Wall x19 |
| 18:20 | Van der Leyens Pony · wall_segment Palisade Wall x4 |
| 18:27 | Van der Leyens Pony · first_building Castle |
| 18:39 | [Fx、]AirDk · wall_segment Palisade Wall x1 |
| 18:54 | 沉着冷静努力C · age_up castle |
| 18:58 | Van der Leyens Pony · first_market_buy 100 wood |
| 18:58 | [Fx、]AirDk · wall_segment Palisade Wall x1 |
| 18:58 | [Fx、]AirWy · age_up castle |
| 19:05 | [Fx、]AirDk · wall_segment Palisade Wall x2 |
| 19:05 | Lord Pilleman · wall_segment Palisade Wall x5 |
| 19:11 | _CZ_浪显 · age_up castle |
| 19:15 | _CZ_浪显 · first_building Castle |
| 19:36 | [Fx、]AirWy · first_building Monastery |
| 19:44 | [Fx、]AirDk · age_up castle |
| 19:59 | 浓淡相间 · age_up castle |
| 20:10 | [Fx、]AirDk · wall_segment Palisade Wall x5 |
| 20:13 | [Fx、]AirDk · wall_segment Palisade Wall x3 |
| 20:31 | Lord Pilleman · age_up castle |
| 20:37 | Lord Pilleman · first_building Siege Workshop |
| 20:40 | 沉着冷静努力C · first_building Siege Workshop |
| 21:03 | [Fx、]AirDk · wall_segment Stone Wall x1 |
| 21:06 | [Fx、]AirDk · wall_segment Stone Wall x1 |
| 21:18 | [Fx、]AirDk · first_building Monastery |
| 22:22 | Awugo555 · age_up castle |
| 22:28 | [Fx、]AirDk · first_market_buy 500 stone |
| 22:43 | Van der Leyens Pony · first_building Siege Workshop |
| 22:55 | Awugo555 · first_market_buy 100 wood |
| 23:28 | [Fx、]AirDk · wall_segment Stone Wall x1 |
| 23:32 | Van der Leyens Pony · wall_segment Stone Wall x1 |
| 23:33 | Van der Leyens Pony · wall_segment Stone Wall x1 |
| 23:35 | Van der Leyens Pony · wall_segment Stone Wall x1 |
| 23:36 | Van der Leyens Pony · wall_segment Stone Wall x1 |
| 24:38 | _CZ_浪显 · first_market_buy 100 food |
| 25:13 | Awugo555 · first_building Castle |
| 25:21 | [Fx、]AirWy · first_building Castle |
| 25:56 | Lord Pilleman · first_market_sell 100 food |
| 25:56 | 浓淡相间 · first_building Castle |
| 25:58 | Lord Pilleman · first_market_buy 100 wood |
| 26:26 | _CZ_浪显 · first_building Barracks |
| 27:11 | _CZ_浪显 · first_building Stable |
| 27:13 | 浓淡相间 · first_market_buy 100 stone |
| 27:21 | 浓淡相间 · wall_segment Palisade Wall x1 |
| 28:06 | Van der Leyens Pony · first_building Barracks |
| 29:29 | Van der Leyens Pony · wall_segment Palisade Wall x1 |
| 29:29 | Van der Leyens Pony · wall_segment Palisade Wall x1 |
| 29:30 | Van der Leyens Pony · wall_segment Palisade Wall x1 |
| 29:31 | Van der Leyens Pony · wall_segment Palisade Wall x1 |
| 30:09 | [Fx、]AirWy · first_market_sell 100 food |
| 30:15 | Van der Leyens Pony · first_building Archery Range |
| 30:27 | [Fx、]AirWy · first_building Stable |
| 31:56 | Lord Pilleman · age_up imperial |
| 33:16 | 浓淡相间 · first_building Monastery |
| 33:21 | [Fx、]AirWy · age_up imperial |
| 33:23 | 沉着冷静努力C · first_building Castle |
| 33:39 | _CZ_浪显 · first_building Siege Workshop |
| 33:41 | Awugo555 · first_building Monastery |
| 34:22 | Van der Leyens Pony · age_up imperial |
| 35:23 | 浓淡相间 · first_market_sell 100 wood |
| 35:38 | _CZ_浪显 · first_market_sell 100 wood |
| 36:00 | 浓淡相间 · first_building Barracks |
| 38:27 | [Fx、]AirDk · first_building Siege Workshop |
| 38:50 | 浓淡相间 · age_up imperial |
| 38:50 | _CZ_浪显 · age_up imperial |
| 40:06 | Lord Pilleman · first_building Castle |
| 42:20 | Van der Leyens Pony · wall_segment Stone Wall x4 |
| 42:51 | 沉着冷静努力C · age_up imperial |
| 43:40 | _CZ_浪显 · wall_segment Palisade Wall x1 |
| 44:16 | _CZ_浪显 · wall_segment Palisade Wall x1 |
| 44:25 | 浓淡相间 · first_building Archery Range |
| 44:44 | Awugo555 · age_up imperial |
| 46:44 | Lord Pilleman · resign |
[ ANÁLISIS IA · 1 CRÉDITO ]
¿Qué pasó realmente en esta partida?
Wolo.gg analiza cada decisión: build order, eco, micro, errores típicos por bracket. Análisis personalizado por WhatsApp o Discord en 30 segundos.
Guía civ
Españoles
Perfil
Jugador #19906407